 Dungeon Crawl Stone Soup version 0.29.1-1-gd02db6906a (webtiles) character file.

Game seed: 3201444652259094598

42 Romesagentofchaos the Sneak (level 3, 0/18 HPs)
             Began as a Spriggan Brigand on Oct 22, 2022.
             Slain by Robin
             ... wielding a +0 trident
              (3 damage)
             ... on level 2 of the Dungeon.
             The game lasted 00:04:16 (1537 turns).

Romesagentofchaos the Sneak (Spriggan Brigand)      Turns: 1537, Time: 00:04:17

Health: 0/18       AC:  3    Str:  7    XL:     3   Next: 33%
Magic:  4/4        EV: 16    Int: 12    God:
Gold:   94         SH:  0    Dex: 18    Spells: 2/2 levels left

rFire   . . .      SeeInvis +   a - +2 dagger
rCold   . . .      Faith    .   (no shield)
rNeg    . . .      Spirit   .   b - +0 robe
rPois   .          Reflect  .   (helmet restricted)
rElec   .          Harm     .   c - +0 cloak
rCorr   .          Rampage  .   (gloves unavailable)
Will    .....                   (boots unavailable)
Stlth   ++++......              (no amulet)
HPRegen 0.06/turn               (no ring)
MPRegen 0.09/turn               (no ring)

@: very quick
A: very small, no large weapons, unfitting armour, see invisible, speed 3
a: no special abilities


You were on level 2 of the Dungeon.
You visited 1 branch of the dungeon, and saw 2 of its levels.

You collected 94 gold pieces.

Inventory:

Hand Weapons
 a - a +2 dagger (weapon)
Missiles
 d - 11 poisoned darts (quivered)
 e - 3 curare-tipped darts
Armour
 b - a +0 robe (worn)
 c - a +0 cloak (worn)
Scrolls
 g - a scroll of amnesia
Potions
 h - a potion of haste


   Skills:
 + Level 1.6 Fighting
 + Level 3.1 Short Blades
 + Level 2.1 Throwing
 + Level 1.5 Dodging
 + Level 6.8 Stealth


You had 2 spell levels left.
You didn't know any spells.
Your spell library was empty.

Dungeon Overview and Level Annotations

Branches:
Dungeon (2/15)

Altars:

Annotations:
D:2 Robin


Innate Abilities, Weirdness & Mutations

You are very small and have problems with some larger weapons.
You are too small for most types of armour.
You have supernaturally acute eyesight. (SInv)
You cover ground extremely quickly. (Speed+++)


Message History

Aim: a goblin, wielding a +0 dagger (55% to hit)
You throw a poisoned dart. The poisoned dart hits the goblin.
The goblin is poisoned.
You barely miss the goblin. You barely miss the goblin.
The goblin hits you but does no damage.
You hit the goblin.
You kill the goblin!
You hit the goblin.
The goblin is heavily wounded.
The goblin hits you with a +0 dagger.
You hit the goblin but do no damage.
The goblin is heavily wounded.
The goblin completely misses you.
You closely miss the goblin.
The goblin is heavily wounded.
The goblin hits you with a +0 dagger.
You hit the goblin.
You kill the goblin!
You closely miss the goblin. You hit the goblin.
You kill the goblin!
Throw: 13 darts (poison)
Press: ? - help, Q - select action, (/) - cycle Shift-Dir - straight line, f - Robin
Aim: Robin, wielding a +0 trident, wearing a +0 animal skin and wearing a +0 helmet (69% to hit)
You throw a poisoned dart. The poisoned dart hits Robin.
Robin is poisoned.
Robin roars a battlecry!
The goblin goes into a battle-frenzy!
Throw: 12 darts (poison)
Press: ? - help, Q - select action, (/) - cycle Shift-Dir - straight line, f/p - Robin
Aim: Robin, wielding a +0 trident, wearing a +0 animal skin and wearing a +0 helmet (poisoned, 69% to hit)
You throw a poisoned dart. The poisoned dart hits Robin.
Robin looks even sicker.
Robin throws the goblin at you!
You barely miss the goblin. The goblin closely misses you. Robin misses you.
You completely miss the goblin. The goblin hits you with a +0 dagger.
* * * LOW HITPOINT WARNING * * *
Robin closely misses you.
You closely miss the goblin. The goblin closely misses you.
Robin hits you from afar with a +0 trident.
You die...

#.######.>#
#...........
#.†.........#
#...........#
..$g..g
#...........#
....g.g
#...........#
......g
#.########
.....gg #g#
......g #@#
...g(.. #)#
....g..###g#
#.(..gg.g(#
###########


You could see Robin (very poisoned), a hobgoblin and a goblin (strong).

Vanquished Creatures
  A worm (D:2)
  3 dart slugs (D:1)
  A bat (D:1)
  An endoplasm (D:2)
  2 giant cockroaches
  8 goblins
  5 hobgoblins
  A quokka (D:1)
  2 frilled lizards
  2 kobolds
  3 rats
29 creatures vanquished.

Notes
Turn   | Place    | Note
-------+----------+-------------------------------------------
     0 | D:1      | Romesagentofchaos the Spriggan Brigand began the quest for
                  | the Orb.
     0 | D:1      | Reached XP level 1. HP: 10/10 MP: 2/2
    73 | D:1      | Reached skill level 6 in Stealth
   199 | D:1      | Reached XP level 2. HP: 14/14 MP: 3/3
  1212 | D:2      | Found a faded altar of an unknown god.
  1307 | D:2      | Reached XP level 3. HP: 18/18 MP: 4/4
  1506 | D:2      | Noticed Robin
  1537 | D:2      | Slain by Robin

Illustrated notes

Levels and vault maps discovered:
D:1:      mrwooster_arrival_statue_3, layout_loops_ring, hex_tiny,
          grunt_decor_junction
D:2:      layout_basic, serial_shops, shop_statue,
          shapermc_ecumenical_altar_ellora, uniq_robin, uniq_sigmund

Skill      XL: |  1  2 |
---------------+-------+-----
Stealth        | 6 |  6.8
Short Blades   | 3 |  3.1
Fighting       | |  1.6
Throwing       | |  2.1
Dodging        | |  1.5

Action                   || total
-------------------------++-------
Melee: Dagger            ||    74
       Punch             ||     1
Throw: Dart              ||    10
  Use: Scroll            ||     4
       Potion            ||     1
 Stab: Sleeping          ||     9
Armor: Robe              ||     4
Dodge: Dodged            ||    38
